 Dungeon Crawl Stone Soup version 0.29-a0-723-gce39da1c22 (webtiles) character file.

Game seed: 1274112245956061608

63 elite277 the Shield-Bearer (level 4, 0/34 (35) HPs)
             Began as a Human Fighter on June 28, 2022.
             Slain by Crazy Yiuf
             ... wielding a +2 quarterstaff of chaos
              (12 damage)
             ... on level 2 of the Dungeon.
             The game lasted 00:04:06 (1979 turns).

elite277 the Shield-Bearer (Human Fighter)          Turns: 1979, Time: 00:04:06

HP:   0/34 (35)     AC:  8    Str: 19    XL:     4   Next: 30%
MP:   4/4           EV:  9    Int:  8    God:
Gold: 157           SH:  4    Dex: 12    Spells: 3/3 levels left

rFire   . . .      SeeInvis .   a - +0 long sword
rCold   . . .      Faith    +   c - +0 buckler
rNeg    . . .      Spirit   .   b - +0 scale mail
rPois   .          Reflect  .   (no helmet)
rElec   .          Harm     .   (no cloak)
rCorr   .          Rampage  .   l - +0 pair of gloves
Will    .....                   (no boots)
Stlth   ..........              i - amulet of faith
HPRegen 0.11/turn               (no ring)
MPRegen 0.09/turn               (no ring)

@: mighty, lethally poisoned (0 -> -3), lightly drained
A: no striking features
a: no special abilities


You were on level 2 of the Dungeon.
You visited 1 branch of the dungeon, and saw 2 of its levels.

You collected 157 gold pieces.

Inventory:

Hand Weapons
 a - a +0 long sword (weapon)
Missiles
 n - 6 poisoned darts (quivered)
Armour
 b - a +0 scale mail (worn)
 c - a +0 buckler (worn)
 l - a +0 pair of gloves (worn)
Jewellery
 i - an amulet of faith (around neck)
Scrolls
 f - a scroll of magic mapping {unknown}
 g - a scroll of enchant weapon {unknown}
 h - a scroll of vulnerability {unknown}
 j - a scroll of fog {unknown}
 k - a scroll of identify {unknown}
 o - a scroll of enchant armour {unknown}
Potions
 e - a potion of haste {unknown}
 m - a potion of heal wounds {unknown}


   Skills:
 + Level 3.2 Fighting
 + Level 2.9 Long Blades
 + Level 3.4 Armour
 + Level 0.8 Dodging
 + Level 0.1 Stealth
 + Level 3.4 Shields


You had 3 spell levels left.
You didn't know any spells.
Your spell library was empty.

Dungeon Overview and Level Annotations

Branches:
Dungeon (2/15)

Altars:

Annotations:
D:2 Crazy Yiuf


Message History

The worm is severely wounded.
You block the worm's attack.
You barely miss the worm.
The worm is heavily wounded.
The worm closely misses you.
You slash the worm!
You kill the worm!
You open the door.
There is an open door here.
There is an open door here.
o - a scroll labelled HABRUL VEHO You open the large door.
There is a large open door here.
Found a hammer.
Found a runed translucent door.
Crazy Yiuf shouts!
Press: ? - help, v - describe, . - travel
Here: Crazy Yiuf, wielding a +2 quarterstaff of chaos and wearing a +0 cloak (fire blocked by a runed translucent door)
The floor.
You open the door. You closely miss Crazy Yiuf.
Crazy Yiuf laughs, "Whiteboard broken cower!"
Crazy Yiuf hits you with a +2 quarterstaff of chaos.
You closely miss Crazy Yiuf. Crazy Yiuf hits you but does no damage.
You hit Crazy Yiuf.
Crazy Yiuf is lightly wounded.
Crazy Yiuf barely misses you. You block Crazy Yiuf's attack.
You hit Crazy Yiuf.
Crazy Yiuf is lightly wounded.
Crazy Yiuf hits you with a +2 quarterstaff of chaos!
Crazy Yiuf freezes you. Crazy Yiuf attacks as you move away!
Crazy Yiuf hits you but does no damage.
You are poisoned.
You feel sick.
You feel very mighty all of a sudden.
You feel sick. Crazy Yiuf hits you but does no damage.
You feel drained.
You hit Crazy Yiuf.
Crazy Yiuf is heavily wounded.
You feel sick.
Crazy Yiuf hits you with a +2 quarterstaff of chaos!
You die...

#.#
##.##.....>.#.##.##.#
#.#
#.##########.......#
###.# ##'## ####†####
....# #...# #.# ###.#
##### #.# ....## #.#
.#...######♣♣♣♣♣ #.#
........''...♣.♣♣♣ ###
#.#
.#...###...PP.♣.@♣#...#
#.#
.##.###.....P♣♣♣♣g'...#
#.# ....###..+.P♣♣
♣♣#..)# #.#
.##......##♣♣ ### #.#
.##.###### ###.# .##.#
#...# .##.### ### ####
### #.### .>....#
#.###..# #.# #.#
###.#.# #.##...####.#
#.#


You could see Crazy Yiuf.

Vanquished Creatures
  2 adders (D:2)
  2 worms (D:2)
  A dart slug (D:2)
  4 endoplasms
  3 giant cockroaches (D:2)
  2 goblins (D:1)
  4 hobgoblins (D:1)
  A quokka (D:2)
  4 ball pythons
  4 bats
  3 frilled lizards
  3 kobolds
  3 rats
36 creatures vanquished.

Notes
Turn   | Place    | Note
-------+----------+-------------------------------------------
     0 | D:1      | elite277 the Human Fighter began the quest for the Orb.
     0 | D:1      | Reached XP level 1. HP: 18/18 MP: 1/1
   117 | D:1      | Reached XP level 2. HP: 24/24 MP: 2/2
  1039 | D:2      | Reached XP level 3. HP: 27/29 MP: 3/3
  1201 | D:2      | Found a faded altar of an unknown god.
  1742 | D:2      | Reached XP level 4. HP: 34/35 MP: 4/4
  1968 | D:2      | Found a runed translucent door.
  1969 | D:2      | Noticed Crazy Yiuf
  1979 | D:2      | Slain by Crazy Yiuf

Illustrated notes

Levels and vault maps discovered:
D:1:      sevenhm_arrival_forest_fort_large_4, layout_basic,
          chequers_serial_rivers_micro_e
D:2:      layout_loops_corners, chequers_ecumenical_altar_simple,
          uniq_crazy_yiuf_cottage, uniq_sigmund

Action                   |  1- 3 |  4- 6 || total
-------------------------+-------+-------++-------
Melee: Long sword        |   109 |    22 ||   131
  Use: Potion            |       |     1 ||     1
Armor: Scale mail        |    51 |     4 ||    55
Dodge: Dodged            |    47 |    10 ||    57
Block: Buckler           |    29 |     5 ||    34

Table legend: (Time is in decaauts)
 A = Elapsed time spent in this place.
 B = Non-inter-level travel time spent in this place.
 C = Inter-level travel time spent in this place.
 D = Time resting spent in this place.
 E = Time spent auto-exploring this place.
 F = Levels seen in this place.
 G = Mean time per level.
                   A        B        C        D        E       F      G
               +--------+--------+--------+--------+--------+-----+--------+
         Total |   2022 |   1939 |     83 |      0 |   1391 |   2 | 1011.0 |
       Dungeon |   2022 |   1939 |     83 |      0 |   1391 |   2 | 1011.0 |
               +--------+--------+--------+--------+--------+-----+--------+

Top non-repeatable levels by time:
     D:1: 1049 daAuts
     D:2: 973 daAuts
